TOP OF THE 1ST |
Kingston Iguanas batting - Pitching for Rio Grande Rattlesnake : LHP Eric Fisher
|
Pitching: LHP Eric Fisher
|
|
Batting: RHB Manuel Gómez
|
0-0: Ball 1-0: Called Strike 1-1: DOUBLE (Line Drive, 9LM)
|
Batting: RHB Francisco Martínez
|
0-0: Ball 1-0: Foul Ball, location: 2F 1-1: Ball 2-1: Fly out, F1 (Line Drive, 13S)
|
Batting: LHB Dusty Wilson
|
0-0: Called Strike 0-1: Ball 1-1: SINGLE (Groundball, 3D) Manuel Gómez to third Runner from 3rd tries for Home, SAFE, no throw
|
Batting: LHB Mike Godfrey
|
Pickoff Throw to First - Error! E1 Dusty Wilson to second 0-0: Ball 1-0: Foul Ball, location: 2F 1-1: Called Strike 1-2: Strikes out looking
|
Batting: LHB Jon Quinn
|
0-0: Swinging Strike 0-1: Foul Ball, location: 2F 0-2: Ball 1-2: Strikes out looking
|
Top of the 1st over - 1 run(s), 2 hit(s), 1 error(s), 1 left on base; Kingston 1 - Rio Grande 0 |
BOTTOM OF THE 1ST |
Rio Grande Rattlesnake batting - Pitching for Kingston Iguanas : LHP Nick Clayton
|
Pitching: LHP Nick Clayton
|
|
Batting: RHB Jaime Delgado
|
0-0: Fly out, F6 (Flyball, 56D)
|
Batting: RHB David Suarze
|
0-0: Called Strike 0-1: Swinging Strike 0-2: Ball 1-2: Hit by Pitch
|
Batting: LHB Claudio Rodríguez
|
0-0: Ball 1-0: 2-RUN HOME RUN (Line Drive, 8RXD), Distance : 422 ft
|
Batting: RHB Iván De Jesús
|
0-0: Called Strike 0-1: Ball 1-1: SINGLE (Groundball, 6MD)
|
Batting: RHB Joe Courtier
|
0-0: Ball Iván De Jesús is caught stealing 2nd base 1-0: Ground out 3-1 (Groundball, 34)
|
Bottom of the 1st over - 2 run(s), 2 hit(s), 0 error(s), 0 left on base; Kingston 1 - Rio Grande 2 |
TOP OF THE 2ND |
Kingston Iguanas batting - Pitching for Rio Grande Rattlesnake : LHP Eric Fisher
|
Batting: RHB Bob Lee
|
0-0: Ball 1-0: Swinging Strike 1-1: Swinging Strike 1-2: Ball 2-2: Strikes out swinging
|
Batting: SHB Devin Smith
|
0-0: Ball 1-0: Called Strike 1-1: Foul Ball, location: 2F 1-2: SINGLE (Groundball, 34) (infield hit)
|
Batting: RHB Sergio Mata
|
0-0: Ball 1-0: Called Strike 1-1: SINGLE (Groundball, 56D) Devin Smith to second
|
Batting: SHB John Beach
|
0-0: Ball Devin Smith steals 3rd base Sergio Mata to second 1-0: SINGLE (Groundball, 4MD) Devin Smith scores Sergio Mata to third Runner from 3rd tries for Home, SAFE, no throw
|
Batting: RHB Manuel Gómez
|
0-0: Called Strike 0-1: Fly out, F8 (Flyball, 89M)
|
Batting: RHB Francisco Martínez
|
0-0: Ball 1-0: Ball 2-0: Fielders Choice at 2nd, 4-6 (Groundball, 4)
|
Top of the 2nd over - 2 run(s), 3 hit(s), 0 error(s), 0 left on base; Kingston 3 - Rio Grande 2 |
BOTTOM OF THE 2ND |
Rio Grande Rattlesnake batting - Pitching for Kingston Iguanas : LHP Nick Clayton
|
Batting: RHB Jeff Bane
|
0-0: TRIPLE (Line Drive, 9LM)
|
Batting: RHB Paul Martin
|
0-0: Swinging Strike 0-1: Swinging Strike 0-2: Ground out 5-3 (Groundball, 5)
|
Batting: SHB Jeremy Holmes
|
0-0: Foul Ball, location: 2F 0-1: Swinging Strike 0-2: SINGLE (Line Drive, 7LM) Jeff Bane scores
|
Batting: RHB Cristián Román
|
0-0: Ball 1-0: Ground out 4-3 (Groundball, 4S) Jeremy Holmes to second
|
Batting: RHB Jaime Delgado
|
0-0: Ball 1-0: Fly out, F8 (Line Drive, 8RM)
|
Bottom of the 2nd over - 1 run(s), 2 hit(s), 0 error(s), 1 left on base; Kingston 3 - Rio Grande 3 |
TOP OF THE 3RD |
Kingston Iguanas batting - Pitching for Rio Grande Rattlesnake : LHP Eric Fisher
|
Batting: LHB Dusty Wilson
|
0-0: Ball 1-0: Ball 2-0: Called Strike 2-1: Foul Ball, location: 2F 2-2: Ball 3-2: Base on Balls
|
Batting: LHB Mike Godfrey
|
0-0: Ball 1-0: Swinging Strike 1-1: SINGLE (Groundball, 25) (infield hit) Dusty Wilson to second
|
Batting: LHB Jon Quinn
|
0-0: Foul Ball, location: 2F 0-1: Ball 1-1: Ball 2-1: Foul Ball, location: 2F 2-2: Foul Ball, location: 2F 2-2: Strikes out swinging
|
Batting: RHB Bob Lee
|
0-0: Swinging Strike 0-1: Called Strike Dusty Wilson steals 3rd base Mike Godfrey to second 0-2: Fly out, F8 (Flyball, 8LM) Runner from 3rd tags up, SCORES, no throw
|
Batting: SHB Devin Smith
|
0-0: Ball 1-0: Ground out 4-3 (Groundball, 4)
|
Top of the 3rd over - 1 run(s), 1 hit(s), 0 error(s), 1 left on base; Kingston 4 - Rio Grande 3 |
BOTTOM OF THE 3RD |
Rio Grande Rattlesnake batting - Pitching for Kingston Iguanas : LHP Nick Clayton
|
Batting: RHB David Suarze
|
0-0: Called Strike 0-1: Foul Ball, location: 2F 0-2: Ball 1-2: SINGLE (Flyball, 8LS)
|
Batting: LHB Claudio Rodríguez
|
0-0: Ball 1-0: Swinging Strike 1-1: Ball 2-1: Ball 3-1: Base on Balls David Suarze to second
|
Batting: RHB Iván De Jesús
|
0-0: SINGLE (Groundball, 4D) David Suarze to third Claudio Rodríguez to second
|
Batting: RHB Joe Courtier
|
0-0: Grounds into double play, 4-6-3 (Groundball, 4) David Suarze scores Claudio Rodríguez to third
|
Batting: RHB Jeff Bane
|
0-0: Foul Ball, location: 2F 0-1: Foul Ball, location: 2F 0-2: Strikes out swinging
|
Bottom of the 3rd over - 1 run(s), 2 hit(s), 0 error(s), 1 left on base; Kingston 4 - Rio Grande 4 |
TOP OF THE 4TH |
Kingston Iguanas batting - Pitching for Rio Grande Rattlesnake : LHP Eric Fisher
|
Batting: RHB Sergio Mata
|
0-0: Called Strike 0-1: Ball 1-1: Ball 2-1: Ball 3-1: Called Strike 3-2: Base on Balls
|
Batting: SHB John Beach
|
0-0: Ball 1-0: Foul Ball, location: 2F 1-1: Swinging Strike 1-2: Foul Ball, location: 2F 1-2: Ball 2-2: Ball 3-2: Foul Ball, location: 2F 3-2: Foul Ball, location: 2F 3-2: Base on Balls Sergio Mata to second
|
Batting: RHB Manuel Gómez
|
0-0: Called Strike John Beach steals 2nd base Sergio Mata to third 0-1: Ball 1-1: Fly out, F1 (Line Drive, 15S)
|
Batting: RHB Francisco Martínez
|
0-0: Ball 1-0: Foul Ball, location: 2F 1-1: Called Strike 1-2: Ground out 6-3 (Groundball, 6M) Sergio Mata scores John Beach to third
|
Batting: LHB Dusty Wilson
|
0-0: Called Strike 0-1: Fly out, F9 (Line Drive, 9S)
|
Top of the 4th over - 1 run(s), 0 hit(s), 0 error(s), 1 left on base; Kingston 5 - Rio Grande 4 |
BOTTOM OF THE 4TH |
Rio Grande Rattlesnake batting - Pitching for Kingston Iguanas : LHP Nick Clayton
|
Batting: RHB Paul Martin
|
0-0: Ball 1-0: Fly out, F8 (Flyball, 8LD)
|
Batting: SHB Jeremy Holmes
|
0-0: Foul Ball, location: 2F 0-1: Foul Ball, location: 2F 0-2: Ground out 1-3 (Groundball, P)
|
Batting: RHB Cristián Román
|
0-0: Hit by Pitch
|
Batting: RHB Jaime Delgado
|
0-0: Fielders Choice at 2nd, U6 (Groundball, 6M)
|
Bottom of the 4th over - 0 run(s), 0 hit(s), 0 error(s), 1 left on base; Kingston 5 - Rio Grande 4 |
TOP OF THE 5TH |
Kingston Iguanas batting - Pitching for Rio Grande Rattlesnake : LHP Eric Fisher
|
Batting: LHB Mike Godfrey
|
0-0: Ball 1-0: Swinging Strike 1-1: Foul Ball, location: 2F 1-2: Strikes out swinging
|
Batting: LHB Jon Quinn
|
0-0: Called Strike 0-1: Called Strike 0-2: Ball 1-2: Fly out, F9 (Line Drive, 9)
|
Batting: RHB Bob Lee
|
0-0: Ball 1-0: Foul Ball, location: 2F 1-1: Fly out, F9 (Flyball, 9LSF)
|
Top of the 5th over - 0 run(s), 0 hit(s), 0 error(s), 0 left on base; Kingston 5 - Rio Grande 4 |
BOTTOM OF THE 5TH |
Rio Grande Rattlesnake batting - Pitching for Kingston Iguanas : LHP Nick Clayton
|
Batting: RHB David Suarze
|
0-0: Foul Ball, location: 2F 0-1: Called Strike 0-2: Strikes out swinging
|
Batting: LHB Claudio Rodríguez
|
0-0: SINGLE (Groundball, 34D)
|
Batting: RHB Iván De Jesús
|
0-0: Ball 1-0: Called Strike 1-1: Foul Ball, location: 2F 1-2: Ball 2-2: Fly out, F8 (Flyball, 78S)
|
Batting: RHB Joe Courtier
|
0-0: Called Strike 0-1: Swinging Strike 0-2: Fielders Choice at 2nd, 4-6 (Groundball, 4)
|
Bottom of the 5th over - 0 run(s), 1 hit(s), 0 error(s), 0 left on base; Kingston 5 - Rio Grande 4 |
TOP OF THE 6TH |
Kingston Iguanas batting - Pitching for Rio Grande Rattlesnake : LHP Eric Fisher
|
Batting: SHB Devin Smith
|
0-0: Ball 1-0: Foul Ball, location: 2F 1-1: DOUBLE (Flyball, 8LXD)
|
Pitching: RHP Neil Snow
|
|
Batting: RHB Sergio Mata
|
0-0: Foul Ball, location: 2F 0-1: Foul Ball, location: 2F 0-2: Ball 1-2: Ball 2-2: Ball 3-2: Base on Balls
|
Batting: SHB John Beach
|
0-0: Ball 1-0: Ball 2-0: Called Strike 2-1: Foul Ball, location: 2F 2-2: Foul Ball, location: 2F 2-2: Ball 3-2: Foul Ball, location: 2F 3-2: Base on Balls Devin Smith to third Sergio Mata to second
|
Batting: RHB Manuel Gómez
|
0-0: Called Strike 0-1: Called Strike 0-2: Ball 1-2: Strikes out swinging
|
Batting: RHB Francisco Martínez
|
0-0: Ball 1-0: SINGLE (Line Drive, 4MD) Devin Smith scores Sergio Mata to third John Beach to second Runner from 3rd tries for Home, SAFE, no throw
|
Batting: LHB Dusty Wilson
|
0-0: Swinging Strike 0-1: Ball 1-1: Swinging Strike 1-2: Strikes out looking
|
Batting: LHB Mike Godfrey
|
0-0: Ball 1-0: Ball 2-0: Ball 3-0: Called Strike 3-1: Swinging Strike 3-2: Strikes out swinging
|
Top of the 6th over - 2 run(s), 2 hit(s), 0 error(s), 2 left on base; Kingston 7 - Rio Grande 4 |
BOTTOM OF THE 6TH |
Rio Grande Rattlesnake batting - Pitching for Kingston Iguanas : LHP Nick Clayton
|
Batting: RHB Jeff Bane
|
0-0: Ball 1-0: Ball 2-0: Ball 3-0: Called Strike 3-1: Called Strike 3-2: Fly out, F8 (Flyball, 89M)
|
Batting: RHB Paul Martin
|
0-0: Called Strike 0-1: Ground out 6-3 (Groundball, 6)
|
Batting: SHB Jeremy Holmes
|
0-0: Ball 1-0: Foul Ball, location: 2F 1-1: Foul Ball, location: 2F 1-2: Strikes out looking
|
Bottom of the 6th over - 0 run(s), 0 hit(s), 0 error(s), 0 left on base; Kingston 7 - Rio Grande 4 |
TOP OF THE 7TH |
Kingston Iguanas batting - Pitching for Rio Grande Rattlesnake : RHP Neil Snow
|
Batting: LHB Jon Quinn
|
0-0: Called Strike 0-1: Ball 1-1: SINGLE (Line Drive, 89M)
|
Batting: RHB Bob Lee
|
0-0: Bunted foul 0-1: Ball 1-1: Sac Bunt - play at first, batter OUT! 5-4 Jon Quinn to second
|
Batting: SHB Devin Smith
|
0-0: 2-RUN HOME RUN (Flyball, 89XD), Distance : 373 ft
|
Pitching: RHP Albert Gonzáles
|
|
Batting: RHB Sergio Mata
|
0-0: Ball 1-0: Fly out, F9 (Flyball, 9LSF)
|
Batting: SHB John Beach
|
0-0: Called Strike 0-1: Ball 1-1: Ball 2-1: Ball 3-1: Foul Ball, location: 2F 3-2: Base on Balls
|
Batting: RHB Manuel Gómez
|
0-0: Swinging Strike 0-1: Foul Ball, location: 2F 0-2: Ball 1-2: Strikes out swinging
|
Top of the 7th over - 2 run(s), 2 hit(s), 0 error(s), 1 left on base; Kingston 9 - Rio Grande 4 |
BOTTOM OF THE 7TH |
Rio Grande Rattlesnake batting - Pitching for Kingston Iguanas : LHP Nick Clayton
|
Batting: RHB Cristián Román
|
0-0: Ball 1-0: Ball 2-0: Ball 3-0: Base on Balls
|
Batting: RHB Jaime Delgado
|
0-0: Swinging Strike 0-1: Ground out 5-3 (Groundball, 56S) Cristián Román to second
|
Batting: RHB David Suarze
|
0-0: Ball 1-0: Ball 2-0: Called Strike 2-1: Ball 3-1: Foul Ball, location: 2F 3-2: Fly out, F8 (Flyball, 89M)
|
Batting: LHB Claudio Rodríguez
|
0-0: Foul Ball, location: 2F 0-1: Ground out 4-3 (Groundball, 4S)
|
Bottom of the 7th over - 0 run(s), 0 hit(s), 0 error(s), 1 left on base; Kingston 9 - Rio Grande 4 |
TOP OF THE 8TH |
Kingston Iguanas batting - Pitching for Rio Grande Rattlesnake : RHP Albert Gonzáles
|
Batting: RHB Francisco Martínez
|
0-0: Ball 1-0: Foul Ball, location: 2F 1-1: Swinging Strike 1-2: Strikes out swinging, 2-3 out at first.
|
Batting: LHB Dusty Wilson
|
0-0: Foul Ball, location: 2F 0-1: Ball 1-1: Fly out, F8 (Flyball, 8LM)
|
Batting: LHB Mike Godfrey
|
0-0: Ball 1-0: Ball 2-0: Ball 3-0: Called Strike 3-1: Foul Ball, location: 2F 3-2: Strikes out swinging
|
Top of the 8th over - 0 run(s), 0 hit(s), 0 error(s), 0 left on base; Kingston 9 - Rio Grande 4 |
BOTTOM OF THE 8TH |
Rio Grande Rattlesnake batting - Pitching for Kingston Iguanas : LHP Nick Clayton
|
Batting: RHB Iván De Jesús
|
0-0: Ball 1-0: Called Strike 1-1: Ball 2-1: Foul Ball, location: 2F 2-2: Ground out 6-3 (Groundball, 6)
|
Batting: RHB Joe Courtier
|
0-0: Fly out, F8 (Flyball, 8LM)
|
Batting: RHB Jeff Bane
|
0-0: Called Strike 0-1: Called Strike 0-2: Strikes out swinging
|
Bottom of the 8th over - 0 run(s), 0 hit(s), 0 error(s), 0 left on base; Kingston 9 - Rio Grande 4 |
TOP OF THE 9TH |
Kingston Iguanas batting - Pitching for Rio Grande Rattlesnake : RHP Albert Gonzáles
|
Batting: LHB Jon Quinn
|
0-0: Swinging Strike 0-1: Foul Ball, location: 2F 0-2: Foul Ball, location: 2F 0-2: Ball 1-2: Ball 2-2: Strikes out swinging
|
Batting: RHB Bob Lee
|
0-0: Called Strike 0-1: Ball 1-1: SINGLE (Line Drive, 4D)
|
Batting: SHB Devin Smith
|
0-0: Called Strike 0-1: Called Strike Bob Lee is caught stealing 2nd base 0-2: Strikes out swinging
|
Top of the 9th over - 0 run(s), 1 hit(s), 0 error(s), 0 left on base; Kingston 9 - Rio Grande 4 |
BOTTOM OF THE 9TH |
Rio Grande Rattlesnake batting - Pitching for Kingston Iguanas : LHP Nick Clayton
|
Pitching: RHP Guo-fang Juan
|
|
Batting: RHB Paul Martin
|
0-0: Ball 1-0: Called Strike 1-1: Swinging Strike 1-2: Ground out 6-3 (Groundball, 6)
|
Batting: SHB Jeremy Holmes
|
0-0: Ball 1-0: Ground out U3 (Groundball, 3L)
|
Batting: RHB Cristián Román
|
0-0: Foul Ball, location: 2F 0-1: Ball 1-1: Foul Ball, location: 2F 1-2: Strikes out looking
|
Bottom of the 9th over - 0 run(s), 0 hit(s), 0 error(s), 0 left on base; Kingston 9 - Rio Grande 4 |
|